 Dungeon Crawl Stone Soup version 0.27.1 (webtiles) character file.

Game seed: 3347977117660997891

40 Ishikawa the Ruffian (level 3, -1/36 HPs)
             Began as a Troll Berserker on Aug 24, 2021.
             Was a Follower of Trog.
             Slain by a gnoll (8 damage)
             ... on level 3 of the Dungeon.
             The game lasted 00:03:16 (1250 turns).

Ishikawa the Ruffian (Troll Berserker)              Turns: 1250, Time: 00:03:16

Health: -1/36      AC:  4    Str: 25    XL:     3   Next: 30%
Magic:  0/11       EV: 10    Int:  3    God:    Trog [*.....]
Gold:   92         SH:  0    Dex: 10    Spells: 2/2 levels left

rFire    . . .     SeeInvis .     - Unarmed
rCold    . . .     Faith    .   (no shield)
rNeg     . . .     Spirit   +   a - +0 animal skin
rPois    .         Reflect  .   (helmet restricted)
rElec    .         Harm     .   (no cloak)
rCorr    .         Rampage  .   (gloves unavailable)
Will     .....                  (boots unavailable)
Stlth    +.........             f - amulet of guardian spirit
HPRegen  1.12/turn              d - ring of magical power
MPRegen  0.12/turn              (no ring)

@: no status effects
A: large, unfitting armour, claws 3, regeneration 1, shaggy fur 1, tough skin 1
a: Renounce Religion, Berserk


You were on level 3 of the Dungeon.
You worshipped Trog.
Trog was aware of your devotion.
You visited 1 branch of the dungeon, and saw 3 of its levels.

You collected 92 gold pieces.

Inventory:

Armour
 a - a +0 animal skin (worn)
Jewellery
 d - a ring of magical power (left claw)
 f - an amulet of guardian spirit (around neck)
 h - an amulet of faith
Wands
 n - a wand of iceblast (10)
Scrolls
 b - 3 scrolls of identify {unknown}
 i - 2 scrolls of teleportation {unknown}
 m - a scroll of summoning {unknown}
Potions
 c - 2 potions of haste {unknown}
 e - a potion of invisibility {unknown}
 g - 3 potions of mutation {unknown}
 j - a potion of degeneration {unknown}
 k - a potion of curing {unknown}
 l - a potion of brilliance {unknown}


   Skills:
 * Level 2.8 Fighting
 * Level 2.9 Dodging
 * Level 3.6 Unarmed Combat


You had 2 spell levels left.
You didn't know any spells.
Your spell library contained the following spells:

 Spells                   Type           Power      Damage    Failure   Level
 Corona                   Hex            0%         N/A       52%         1
 Ensorcelled Hibernation  Hex/Ice        0%         N/A       67%         2
 Tukima's Dance           Hex            0%         N/A       88%         3
 Animate Dead             Necr           0%         N/A       99%         4
 Borgnjor's Vile Clutch   Necr/Erth      0%         N/A       100%        5
 Death Channel            Necr           0%         N/A       100%        6


Dungeon Overview and Level Annotations

Branches:
Dungeon (3/15)

Altars:

Shops:
D:1 [


Innate Abilities, Weirdness & Mutations

You are too large for most types of armour.
You have claws for hands.
Your natural rate of healing is unusually fast.
You are covered in fur. (AC +1)
You have tough skin. (AC +1)


Message History

The ball python hisses angrily.
The ball python bites you but does no damage.
You scratch the ball python.
The ball python is severely wounded.
The ball python barely misses you.
You claw the ball python!
You kill the ball python!
Trog accepts your kill.
g - 3 fizzy orange potions (gained 2)
There is a stone staircase leading up here.
You now have 92 gold pieces (gained 6).
There is a stone staircase leading up here.
You open the door.
There is an open door here.
Found a stone staircase leading up.
Found a gold wand. 2 gnolls come into view.
Found 3 gold pieces.
The gnoll shouts!
A gnoll comes into view. It is wielding a +0 halberd.
The gnoll moves out of view.
You see here a wand of iceblast (10).
n - a wand of iceblast (10)
The gnoll shouts!
The gnoll hits you from afar with a +0 halberd!
The gnoll barely misses you. The gnoll hits you with a +0 halberd!
You scratch the gnoll but do no damage. The gnoll closely misses you.
A gnoll comes into view. It is wielding a +0 halberd.
The gnoll barely misses you.
You completely miss the gnoll.
The gnoll shouts!
The gnoll barely misses you.
You barely miss the gnoll. The gnoll hits you with a +0 halberd!
The gnoll hits you from afar with a +0 halberd!
* * * LOW HITPOINT WARNING * * *
You scratch the gnoll.
The gnoll is moderately wounded.
The gnoll hits you with a +0 halberd!
You die... .# g### $.. gg#

..# ######### .g#
#.......##g.#####
#.#####.@gg......
#.# #####.#####
#.## .. #..# . ##
##.# ...
###.##.....
###..........
##8#.#.##.....
##..'.#.# #...


You could see 4 gnolls.

Vanquished Creatures
  A worm (D:2)
  4 dart slugs (D:1)
  2 endoplasms
  2 goblins
  2 hobgoblins
  4 jackals (D:2)
  2 kobolds (D:1)
  A quokka (D:1)
  4 ball pythons
  2 bats
  3 frilled lizards
  3 rats
30 creatures vanquished.

Notes
Turn   | Place    | Note
-------+----------+-------------------------------------------
     0 | D:1      | Ishikawa the Troll Berserker began the quest for the Orb.
     0 | D:1      | Reached XP level 1. HP: 22/22 MP: 0/0
   129 | D:1      | Reached XP level 2. HP: 29/29 MP: 1/1
   251 | D:1      | Found a faded altar of an unknown god.
   558 | D:1      | Found Negim's Armour Emporium.
   894 | D:2      | Reached XP level 3. HP: 36/36 MP: 2/2
  1250 | D:3      | Slain by a gnoll

Illustrated notes

Levels and vault maps discovered:
D:1:      saegor_arrival_simple_b, layout_loops_corners,
          ebering_ecumenical_altar_abandoned, serial_shops, nicolae_shop_crystal
D:2:      layout_basic, st_stairs_12, grunt_decor_arrowhead,
          kennysheep_cluttered_room
D:3:      layout_loops_ring, grunt_ministairs_8, st_stairs_3,
          uniq_crazy_yiuf_cottage, uniq_jessica, uniq_sigmund

Action                   || total
-------------------------++-------
Melee: Unarmed           ||    79
       Punch             ||     1
 Stab: Sleeping          ||     2
Armor: Animal skin       ||    30
Dodge: Dodged            ||    40
